Map: Catalyst LE

Players

lllllIlIllll

  • Race: Terran Terran
  • League: Grandmaster
  • Spawn Location: 5:00

Railgan - Winner!

  • Race: Zerg Zerg
  • League: Grandmaster
  • Spawn Location: 11:00

VOD

https://youtu.be/c6qC6NNalTk

Description

Time

  • Played on: Dec. 10, 2017, 1:31 p.m.
  • Length: 9:05
Show
View Real Time Build Order
Export as new Build Order

lllllIlIllll Terran 

Build Orders: Command Center First (CC), Hellion Banshee 

Get SALT Encoding   

  12  0:02  SCV  
  13  0:14  SCV  
  13  0:18  Supply Depot  
  14  0:26  SCV  
  15  0:39  SCV  
  16  0:51  SCV  
  17  1:01  Command Center  
  17  1:05  SCV  
  18  1:14  Barracks  
  18  1:18  SCV  
  19  1:22  Refinery  
  19  1:30  SCV  
  20  1:33  Refinery  
  20  1:42  SCV  
  21  1:54  SCV  
  22  2:07  Orbital Command, Reaper  
  23  2:13  Orbital Command  
  23  2:20  Factory  
  23  2:33  SCV  
  24  2:39  Barracks Reactor  
  24  2:40  SCV  
  24  2:45  SCV  
  25  2:52  SCV  
  25  2:58  SCV  
  27  3:04  SCV  
  28  3:07  Starport  
  28  3:10  SCV  
  29  3:13  Supply Depot  
  29  3:18  SCV  
  30  3:21  Hellion x2  
  30  3:22  SCV  
  30  3:24  Barracks Tech Lab  
  35  3:30  Supply Depot, SCV  
  36  3:34  SCV  
  36  3:42  SCV, Hellion x2  
  36  3:46  SCV  
  42  3:51  Cloaking Field  
  42  3:52  Banshee  
  42  3:54  Supply Depot, SCV  
  46  3:58  SCV  
  46  3:59  Armory  
  47  4:06  SCV  
  47  4:07  Hellion x2  
  52  4:10  SCV  
  53  4:18  Command Center  
  53  4:22  Supply Depot  
  53  4:25  SCV x2  
  55  4:33  Refinery  
  55  4:34  Refinery  
  55  4:36  Hellion x2  
  59  4:39  Banshee  
  59  4:44  SCV x2  
  64  4:51  Terran Vehicle Weapons Level 1  
  62  4:56  SCV  
  61  5:01  Hellion x2  
  61  5:06  SCV  
  61  5:17  SCV  
  61  5:20  SCV  
  59  5:22  Banshee, Hellion  
  59  5:23  Hellion  
  65  5:30  Orbital Command  
  65  5:33  Factory  
  65  5:35  Barracks Tech Lab  
  63  5:36  SCV  
  63  5:38  Factory  
  63  5:39  SCV  
  63  5:42  Hellion x5  
  65  5:44  Hellion x2  
  65  5:48  SCV  
  70  5:51  SCV  
  69  6:00  SCV  
  70  6:05  Hellion x2  
  70  6:08  Banshee  
  77  6:18  Barracks Reactor, Supply Depot  
  77  6:19  SCV  
  77  6:20  SCV  
  77  6:22  Hellion x2  
  77  6:23  Orbital Command  
  83  6:27  Hellion  
  83  6:28  Supply Depot  
  83  6:29  Supply Depot x2  
  83  6:30  Supply Depot, Hellion  
  85  6:40  SCV  
  85  6:43  Hellion  
  85  6:44  Hellion  
  85  6:45  Terran Vehicle Weapons Level 2  
  82  6:48  SCV x2, Hellion  
  82  6:51  Banshee  
  89  6:55  Hellion  
  89  6:59  Hellion x5  
  85  7:02  SCV x2  
  85  7:04  SCV  
  85  7:05  Hellion  
  85  7:07  Refinery  
  89  7:08  Hellion  
  89  7:14  SCV x2  
  88  7:16  SCV  
  88  7:18  Hellion x2  
  93  7:26  SCV x2  
  93  7:34  Banshee, Hellion x2  
  95  7:39  Orbital Command, Hellion x2  
  94  7:46  SCV x2  
  93  7:56  Hellion x2  
  93  7:58  SCV x2  
  98  8:01  Hellion x2  
  99  8:06  SCV  
  99  8:10  SCV x2  
  102  8:17  Banshee  
  102  8:18  SCV  
  106  8:22  SCV  
  106  8:23  SCV  
  108  8:27  Hellion x3  
  108  8:31  Hellion  
  104  8:38  SCV  
  104  8:39  SCV  
  104  8:40  SCV  
  90  8:50  SCV  
Show
View Real Time Build Order
Export as new Build Order

Railgan Zerg - Winner!

Build Orders: Pool First, Swarm Host 

Get SALT Encoding   

  12  0:01  Drone  
  13  0:12  Overlord  
  13  0:17  Drone  
  14  0:31  Drone x2  
  14  0:34  Drone  
  17  0:46  Spawning Pool  
  17  0:49  Drone  
  17  0:56  Drone  
  18  1:12  Hatchery  
  18  1:13  Extractor  
  18  1:16  Drone  
  17  1:20  Drone  
  18  1:32  Queen  
  18  1:33  Zergling x2  
  21  1:40  Drone  
  22  1:50  Overlord  
  22  2:08  Queen  
  22  2:10  Drone  
  22  2:12  Drone  
  26  2:18  Metabolic Boost  
  27  2:22  Zergling x2  
  27  2:24  Queen  
  27  2:25  Drone  
  30  2:34  Drone  
  30  2:35  Drone  
  32  2:42  Drone x3  
  34  2:49  Overlord  
  34  2:52  Drone  
  34  2:56  Drone  
  36  2:58  Lair  
  36  3:03  Overlord  
  36  3:08  Drone x2  
  38  3:18  Drone x2  
  38  3:19  Drone  
  41  3:20  Drone x2  
  41  3:21  Extractor  
  41  3:22  Extractor  
  41  3:29  Zergling x2  
  41  3:30  Drone  
  41  3:32  Drone x3  
  46  3:40  Drone  
  47  3:43  Drone  
  47  3:52  Drone x2  
  47  3:53  Queen  
  47  3:54  Overlord, Extractor  
  50  3:56  Queen  
  50  4:00  Infestation Pit  
  50  4:02  Overlord  
  51  4:04  Zergling x2  
  52  4:13  Drone  
  52  4:15  Overseer  
  53  4:17  Zergling x4  
  53  4:21  Drone x3  
  58  4:24  Drone  
  59  4:43  Hatchery  
  58  4:51  Swarm Host x3  
  67  4:54  Nydus Network  
  67  4:57  Zergling x2  
  67  4:58  Zergling x4  
  65  5:17  Zergling x2  
  65  5:19  Zergling x2  
  65  5:20  Queen x2  
  68  5:28  Overlord  
  66  5:32  Nydus Canal  
  66  5:33  Overlord x2  
  66  5:48  Nydus Canal  
  66  5:49  Swarm Host x3  
  75  5:51  Overlord  
  75  5:52  Swarm Host x2  
  81  5:57  Spire  
  81  5:59  Queen  
  81  6:00  Drone  
  81  6:05  Overseer  
  81  6:12  Swarm Host x2  
  87  6:24  Nydus Canal  
  87  6:27  Zergling x2  
  88  6:46  Zergling x6  
  91  6:51  Zergling x2  
  91  6:52  Zergling x4  
  91  6:53  Overseer  
  93  6:58  Zergling x2  
  92  7:01  Queen x2, Zergling x6  
  92  7:02  Queen, Zergling x2  
  100  7:10  Nydus Canal  
  100  7:11  Zergling x2  
  100  7:12  Zergling x2  
  100  7:14  Zergling x4  
  99  7:17  Drone x2  
  99  7:18  Drone  
  102  7:37  Mutalisk x2  
  105  7:49  Overlord  
  105  7:50  Overlord x3  
  105  8:04  Nydus Canal  
  104  8:10  Mutalisk  
  104  8:11  Mutalisk x5  
  112  8:14  Zergling x2  
  112  8:15  Zergling x2  
  112  8:18  Nydus Canal  
  112  8:20  Zergling x2  
  112  8:21  Zergling x2  
  112  8:22  Zergling x2  
  114  8:37  Mutalisk x3  
  114  8:39  Zergling x2  
  121  8:42  Zergling x2  
  121  8:47  Nydus Canal, Zergling x2  
Tags
 
Add a new tag
Caveats
  • Supply blocks, unpowered buildings, or Contaminate may cause inaccurate times.
  • Supply counts are checked every 10 seconds.